 Dungeon Crawl Stone Soup version 0.26-a0-712-ga5a9c9c9d0 (webtiles) character file.

Game seed: 5060572448102367158

46 tilp the Sneak (level 3, -5/16 HPs)
             Began as a Spriggan Enchanter on Nov 3, 2020.
             Slain by Sigmund
             ... wielding a +0 scythe
              (7 damage)
             ... on level 2 of the Dungeon.
             The game lasted 00:02:54 (1766 turns).

tilp the Sneak (Spriggan Enchanter)                 Turns: 1766, Time: 00:02:55

Health: -5/16      AC:  2    Str:  1 (4)  XL:     3   Next: 44%
Magic:  1/8        EV: 18    Int: 16 (17) God:
Gold:   77         SH:  0    Dex: 14 (16) Spells: 1/7 levels left

rFire    . . .     SeeInvis +   a - +1 dagger
rCold    . . .     Faith    .   (shield restricted)
rNeg     . . .     Spirit   .   b - +0 robe
rPois    .         Reflect  .   (helmet restricted)
rElec    .         Harm     .   (no cloak)
rCorr    .         Rampage  .   (gloves unavailable)
MR       .....                  (boots unavailable)
Stlth    +.........             (no amulet)
HPRegen  0.05/turn              (no ring)
MPRegen  0.11/turn              (no ring)

@: confused, mighty, very quick
A: very small, unfitting armour, see invisible, speed 3
a: no special abilities


You were on level 2 of the Dungeon.
You visited 1 branch of the dungeon, and saw 2 of its levels.

You collected 77 gold pieces.

Inventory:

Hand Weapons
 a - a +1 dagger (weapon)
 d - a +2 antimagic dagger
Missiles
 c - 25 poisoned darts (quivered)
 n - 2 curare-tipped darts
Armour
 b - a +0 robe (worn)
Jewellery
 m - a +6 ring of strength {unknown}
Scrolls
 e - a scroll of fog {unknown}
 f - a scroll of random uselessness {unknown}
 i - a scroll of immolation {unknown}
 j - a scroll of enchant armour {unknown}
 k - a scroll of teleportation {unknown}
 l - a scroll of identify {unknown}
Potions
 h - a potion of might


   Skills:
 + Level 2.7 Short Blades
 - Level 3.0 Dodging
 + Level 5.8 Stealth
 - Level 2.6 Spellcasting
 - Level 3.6 Hexes


You had one spell level left.
You knew the following spells:

 Your Spells              Type           Power        Failure   Level
a - Corona                Hex            ##.....      4%          1
b - Ensorcelled Hibernat  Hex/Ice        #.....       14%         2
c - Confusing Touch       Hex            ##......     13%         3

Your spell library contained the following spells:

 Spells                   Type           Power        Failure   Level
 Tukima's Dance           Hex            ##......     13%         3
 Dazzling Flash           Conj/Hex       #.....       28%         3


Dungeon Overview and Level Annotations

Branches:
Dungeon (2/15)

Altars:

Annotations:
D:2 Sigmund


Innate Abilities, Weirdness & Mutations

You are very small and have problems with some larger weapons.
You are too small for most types of armour.
You have supernaturally acute eyesight. (SInv)
You cover ground extremely quickly.


Message History

* * * LOW HITPOINT WARNING * * *
Sigmund points at you and mumbles some strange words.
You are confused.
Sigmund screams, "Only death can liberate you!"
Sigmund barely misses you.
It was a potion of might.
You feel very mighty all of a sudden.
You're too confused to move!
Sigmund barely misses you.
It was a potion of degeneration.
There was something very wrong with that liquid.
You feel weakened.
You feel dopey.
You feel clumsy.
Sigmund giggles. "Time to reap what you sow."
Sigmund gestures at you while chanting.
You are more confused.
Your magical contamination has completely faded away.
Sigmund mumbles some strange words.
Sigmund flickers and vanishes for a moment.
You bump into the rock wall.
Sigmund completely misses you.
Sigmund hits you from afar with a +0 scythe!
You die...

#'##........ ###.##....###
............ #...........#
............ #.#.#....##.#
....######### #.#.#.......#
........))..#
######.#...[..####
....#######.####......####...#
....# #.).@.......# #...####
....# #...........# #...#...
....# #.....@..)..# #...#.##
....# #.......รท...# #...#...
....## #...........# ########
.....# #...........# #######
.....# #...........# #......
.....# #...........# #......
.....# #...........# #......
.....######...........#
#......
......................#
#......


You could see Sigmund (invisible).

Vanquished Creatures
  2 adders (D:2)
  A worm (D:2)
  A dart slug (D:2)
  A leopard gecko (D:1)
  A giant cockroach (D:2)
  6 goblins
  2 hobgoblins
  2 quokkas (D:2)
  A frilled lizard (D:2)
  2 kobolds
  2 rats
21 creatures vanquished.

Notes
Turn   | Place    | Note
-------+----------+-------------------------------------------
     0 | D:1      | tilp the Spriggan Enchanter began the quest for the Orb.
     0 | D:1      | Reached XP level 1. HP: 9/9 MP: 5/5
   628 | D:2      | Reached skill level 5 in Stealth
   628 | D:2      | Reached XP level 2. HP: 7/13 MP: 4/6
   772 | D:2      | Learned a level 2 spell: Ensorcelled Hibernation
  1521 | D:2      | Reached XP level 3. HP: 16/16 MP: 8/8
  1526 | D:2      | Learned a level 3 spell: Confusing Touch
  1726 | D:2      | Noticed Sigmund
  1766 | D:2      | Slain by Sigmund

Illustrated notes

Levels and vault maps discovered:
D:1:      evilmike_arrival_crescent, layout_basic, minmay_misc_feat_tower,
          dk_noncrumbling_4, minmay_fountain_box
D:2:      layout_basic, kennysheep_path_1, uniq_robin, uniq_sigmund

Skill      XL: |  1  2 |
---------------+-------+-----
Stealth        | 5 |  5.8
Short Blades   | 2 |  2.7
Dodging        | |  3.0
Spellcasting   | |  2.6
Hexes          | |  3.6

Action                   || total
-------------------------++-------
Melee: Dagger            ||    43
Throw: Dart              ||    27
 Cast: Corona            ||     9
       Ensorcelled Hiber ||     5
  Use: Potion            ||     2
 Stab: Sleeping          ||     6
Armor: Robe              ||     2
Dodge: Dodged            ||    36

Table legend: (Time is in decaauts)
 A = Elapsed time spent in this place.
 B = Non-inter-level travel time spent in this place.
 C = Inter-level travel time spent in this place.
 D = Time resting spent in this place.
 E = Time spent auto-exploring this place.
 F = Levels seen in this place.
 G = Mean time per level.
                   A        B        C        D        E       F      G
               +--------+--------+--------+--------+--------+-----+--------+
         Total |   1338 |   1312 |     26 |    526 |    571 |   2 |  669.0 |
       Dungeon |   1338 |   1312 |     26 |    526 |    571 |   2 |  669.0 |
               +--------+--------+--------+--------+--------+-----+--------+

Top non-repeatable levels by time:
     D:2: 945 daAuts
     D:1: 393 daAuts
